 Dungeon Crawl Stone Soup version 0.25-a0-513-ge77a69270c (webtiles) character file.

Game seed: 1211729485807574802, levelgen mode: deterministic

77 Notrik the Shield-Bearer (level 4, 0/41 HPs)
             Began as a Minotaur Fighter on Feb 16, 2020.
             Slain by a gnoll
             ... wielding a +0 whip
              (5 damage)
             ... on level 2 of the Dungeon.
             The game lasted 00:01:52 (1042 turns).

Notrik the Shield-Bearer (Minotaur Fighter)         Turns: 1042, Time: 00:01:52

Health: 0/41       AC:  7    Str: 21    XL:     4   Next: 14%
Magic:  3/3        EV:  7    Int:  5    God:
Gold:   5          SH:  9    Dex: 10    Spells: 3/3 levels left

rFire    . . .     SeeInvis .   a - +0 war axe
rCold    . . .     Gourm    .   c - +0 kite shield
rNeg     . . .     Faith    .   b - +0 scale mail
rPois    .         Spirit   .   (helmet restricted)
rElec    .         Reflect  .   (no cloak)
rCorr    .         Harm     .   (no gloves)
MR       .....                  (no boots)
Stlth    ..........             (no amulet)
HPRegen  0.13/turn              (no ring)
MPRegen  0.08/turn              (no ring)

@: lethally poisoned (0 -> -2)
A: retaliatory headbutt, horns 2
a: no special abilities


You were on level 2 of the Dungeon.
You were not hungry.

You visited 1 branch of the dungeon, and saw 2 of its levels.

You collected 5 gold pieces.

Inventory:

Hand Weapons
 a - a +0 war axe (weapon)
Armour
 b - a +0 scale mail (worn)
 c - a +0 kite shield (worn)
Scrolls
 g - 2 scrolls of remove curse {unknown}
 i - a scroll of identify {unknown}
 k - 2 scrolls of random uselessness {unknown}
 m - a scroll of enchant weapon {unknown}
Potions
 d - 2 potions of might
 h - a potion of agility {unknown}
 j - a potion of mutation {unknown}
 l - a potion of flight {unknown}
Comestibles
 e - a ration {!d}
 f - 8 chunks of flesh


   Skills:
 + Level 4.5 Fighting
 - Level 2.4 Axes
 + Level 4.5 Armour
 + Level 4.6 Shields


You had 3 spell levels left.
You didn't know any spells.
Your spell library was empty.

Dungeon Overview and Level Annotations

Branches:
Dungeon (2/15)

Altars:


Innate Abilities, Weirdness & Mutations

You reflexively headbutt those who attack you in melee.
You have a pair of horns on your head.


Message History

You feel agile.
You completely miss the gnoll.
Your shield and scale mail prevent you from hitting the hobgoblin.
You miss the adder. The adder bites you but does no damage.
You block the hobgoblin's attack. The adder bites you but does no damage.
The hobgoblin hits you but does no damage.
You closely miss the adder. Your headbutt misses the adder.
You barely miss the gnoll. x2; You barely miss the hobgoblin.
You block the gnoll's attack. The adder bites you.
The gnoll completely misses you. The hobgoblin hits you with a +0 club.
You block the gnoll's attack.
You slash the adder! You completely miss the quokka.
You closely miss the gnoll. x2; You hit the hobgoblin.
You block the adder's attack. The quokka barely misses you.
You furiously retaliate!
You headbutt the quokka. The gnoll closely misses you.
The hobgoblin hits you but does no damage.
You block the adder's attack. The gnoll closely misses you.
The quokka barely misses you. You furiously retaliate!
You headbutt the quokka!
You kill the quokka!
You closely miss the adder. You closely miss the gnoll.
Your scale mail prevents you from hitting the gnoll.
You closely miss the hobgoblin. The adder bites you but does no damage.
The gnoll completely misses you. The gnoll hits you but does no damage.
The hobgoblin hits you with a +0 club. The adder bites you but does no damage.
You block the gnoll's attack. x2; You block the hobgoblin's attack.
You barely miss the adder. Your headbutt misses the adder.
You closely miss the hobgoblin. You barely miss the gnoll.
You closely miss the gnoll. The adder closely misses you.
The gnoll hits you with a +0 whip.
* * * LOW HITPOINT WARNING * * *
The adder bites you but does no damage. The gnoll hits you with a +0 flail.
* * * LOW HITPOINT WARNING * * *
The hobgoblin hits you but does no damage.
You are too injured to fight recklessly!
You are too injured to fight recklessly!
You are too injured to fight recklessly!
Your shield and scale mail prevent you from hitting the hobgoblin.
You headbutt the hobgoblin.
You kill the hobgoblin!
You hit the gnoll. You slash the gnoll!
Your shield prevents you from hitting the adder.
You block the adder's attack. The gnoll hits you but does no damage.
The gnoll hits you with a +0 flail.
* * * LOW HITPOINT WARNING * * *
The adder bites you.
* * * LOW HITPOINT WARNING * * *
You are poisoned.
The adder poisons you! The kobold barely misses you.
The gnoll hits you with a +0 whip.
You die...

#.## #.# #.#
#.# #.#
#########.##
#..........#
#......S...#
#......K@..#
.##......gg†.#
.............#
####...#.#####
##..#.# #....#
.....? .......
..=......


You could see 2 gnolls, an adder and a kobold.

Vanquished Creatures
  3 gnolls
  2 worms (D:2)
  A dart slug (D:1)
  2 leopard geckos
  A ball python (D:1)
  3 giant cockroaches
  A goblin (D:2)
  4 hobgoblins
  3 jackals (D:1)
  A quokka (D:2)
  6 bats (D:1)
  2 frilled lizards (D:1)
  6 kobolds
  3 rats (D:1)
38 creatures vanquished.

Notes
Turn   | Place    | Note
-------+----------+-------------------------------------------
     0 | D:1      | Notrik the Minotaur Fighter began the quest for the Orb.
     0 | D:1      | Reached XP level 1. HP: 19/19 MP: 0/0
   373 | D:1      | Reached XP level 2. HP: 25/27 MP: 1/1
   441 | D:1      | Reached XP level 3. HP: 32/33 MP: 2/2
  1037 | D:2      | Reached XP level 4. HP: 29/41 MP: 3/3
  1042 | D:2      | Slain by a gnoll

Levels and vault maps discovered:
D:1:      sevenhm_arrival_forest_fort_small_5, layout_basic
D:2:      layout_rooms, lemuel_crystal_altar, zin_scriptorium, tso_metal_star,
          uniq_robin

Skill      XL: |  1  2 |
---------------+-------+-----
Shields        | 4 |  4.6
Armour         | 4 |  4.5
Fighting       | 4 |  4.5
Axes           | |  2.4

Action                   |  1- 3 |  4- 6 || total
-------------------------+-------+-------++-------
Melee: War axe           |    80 |     5 ||    85
       Headbutt          |    13 |     1 ||    14
  Eat: Chunk             |     1 |       ||     1
Armor: Scale mail        |    62 |    10 ||    72
Dodge: Dodged            |    39 |     8 ||    47
Block: Kite shield       |    59 |     9 ||    68

Table legend:
 A = Non-vault XP
 B = Vault XP
 C = Vault XP percentage of total XP
 D = Non-vault monster count
 E = Vault monster count
 F = Vault count percentage of total count
                 A         B        C        D         E       F
            +---------+---------+-------+---------+---------+-------
      Total |     111 |       0 |   0.0 |      38 |       0 |   0.0
            +---------+---------+-------+---------+---------+-------
        D:1 |      71 |       0 |   0.0 |      27 |       0 |   0.0
        D:2 |      40 |       0 |   0.0 |      11 |       0 |   0.0
            +---------+---------+-------+---------+---------+-------
